 Dungeon Crawl Stone Soup version 0.30-a0-881-g1ff12e1e11 (webtiles) character file.

Game seed: 8320740594798681104

186 BlueFish the Sneak (level 5, -1/37 HPs)
             Began as a Vampire Enchanter on Mar 14, 2023.
             Slain by Grinder (3 damage)
             ... on level 3 of the Dungeon.
             The game lasted 00:06:21 (2196 turns).

BlueFish the Sneak (Vampire Enchanter)              Turns: 2196, Time: 00:06:22

Health: -1/37      AC:  7    Str:  7    XL:     5   Next: 38%
Magic:  5/8        EV: 12    Int: 18    God:
Gold:   138        SH:  4    Dex: 16    Spells: 4/9 levels left

rFire   . . .      SeeInvis +    b - +0 rapier
rCold   . . .      Faith    .    e - +0 buckler
rNeg    . . .      Spirit   .    t - +2 robe
rPois   +          Reflect  .    (no helmet)
rElec   .          Rampage  .    j - +0 cloak {rPois}
rCorr   .                        u - +1 Delatra's gloves {ID++}
Will    .....                    (no boots)
Stlth   +++                      (no amulet)
HPRegen 0.46/turn                (no ring)
MPRegen 0.11/turn                (no ring)

@: healing quickly
A: alive, fangs 3, see invisible, vampiric 2
a: Exsanguinate


You were on level 3 of the Dungeon.
You visited 1 branch of the dungeon, and saw 3 of its levels.

You collected 138 gold pieces.

Inventory:

Hand Weapons
 a - a +1 dagger
 b - a +0 rapier (weapon)
 A - a +0 short sword
Missiles
 g - 5 boomerangs (quivered)
Armour
 e - a +0 buckler (worn)
 j - a +0 cloak of poison resistance (worn)
 t - a +2 robe (worn)
 u - the +1 Delatra's gloves (worn) {ID++}
   (You found it on level 2 of the Dungeon)

   ID++:      It heals its wearer when they drink unknown potions, and restores
   their MP when they read unknown scrolls.
Wands
 s - a wand of flame (6)
Scrolls
 d - a scroll of amnesia {unknown}
 f - a scroll of torment {unknown}
 h - 2 scrolls of fog {unknown}
 i - 2 scrolls of blinking {unknown}
 l - 5 scrolls of identify {unknown}
 m - 2 scrolls of teleportation {unknown}
 n - a scroll of silence {unknown}
 r - a scroll of poison {unknown}
 x - a scroll of brand weapon {unknown}
 y - a scroll of immolation {unknown}
Potions
 c - 2 potions of invisibility
 k - 2 potions of lignification {unknown}
 o - a potion of might {unknown}
 p - 2 potions of attraction {unknown}
 q - a potion of ambrosia {unknown}
 v - 2 potions of flight {unknown}
 w - a potion of magic {unknown}
 z - a potion of resistance {unknown}


   Skills:
 + Level 1.2 Fighting
 + Level 2.2 Short Blades
 + Level 0.3 Throwing
 + Level 1.2 Armour
 + Level 3.0 Dodging
 + Level 5.2 Stealth
 + Level 1.1 Shields
 + Level 2.5 Spellcasting
 + Level 5.1 Hexes
 + Level 0.4 Evocations


You had 4 spell levels left.
You knew the following spells:

 Your Spells              Type           Power      Damage    Failure   Level
a - Ensorcelled Hibernat  Hex/Ice        22%        N/A       12%         2
b - Confusing Touch       Hex            20%        N/A       9%          3

Your spell library contained the following spells:

 Spells                   Type           Power      Damage    Failure   Level
 Tukima's Dance           Hex            20%        N/A       9%          3
 Dazzling Flash           Conj/Hex       22%        N/A       24%         3


Dungeon Overview and Level Annotations

Branches:
Dungeon (3/15)

Altars:

Annotations:
D:3 Grinder


Innate Abilities, Weirdness & Mutations

Your natural rate of healing is accelerated.
You have razor-sharp teeth.
You have supernaturally acute eyesight. (SInv)
You are afflicted with vampirism and can become a bat while bloodless.


Message History

No target in view!
You now have 138 gold pieces (gained 5).
A kobold comes into view. It is wielding a +0 club.
The kobold shouts!
The kobold hits you but does no damage.
You miss the kobold. Your bite misses the kobold.
The kobold closely misses you.
You puncture the kobold!
You kill the kobold!
No target in view!
a - a +1 dagger (weapon)
Things that are here:
a +0 club; 5 stones
Things that are here:
a +0 club; 5 stones Grinder is nearby!
Grinder is nearby!
Grinder shouts!
You hear a shout!
A kobold comes into view. It is wielding a +0 short sword.
Found a stone staircase leading down.
Casting: Ensorcelled Hibernation (safe; 12% risk of failure)
Confirm with . or Enter, or press ? or * to list all spells.
You can't see any susceptible monsters within range! (Use Z to cast anyway.)
Casting: Ensorcelled Hibernation (safe; 12% risk of failure)
Confirm with . or Enter, or press ? or * to list all spells.
Your hands begin to glow red.
Grinder barely misses you.
You hit Grinder but do no damage.
Grinder appears confused.
Grinder hits you!
You writhe in agony.
b - a +0 rapier (weapon)
Grinder hits you!
You writhe in agony.
You barely miss Grinder. Grinder hits you.
* * * LOW HITPOINT WARNING * * *
You writhe in agony.
* * * LOW HITPOINT WARNING * * *
You hit Grinder.
Grinder is lightly wounded.
Grinder hits you.
* * * LOW HITPOINT WARNING * * *
You writhe in agony.
You die...

#. o# #. .# .. ..
..# .. .# #.# ...
.# #.# #.. .# #.#
#.# #.###########
#.#
#.....K5@...###.#
.....#.####...##.#
.## #.###.#.#.#.#
..........).#
.#.###.#.#.###
...K.###...## ..
....###.## ##o
>...# #.# #.# #.#


You could see Grinder (confused) and a kobold.

Vanquished Creatures
  Crazy Yiuf (D:2)
  Jessica (D:2)
  An orc wizard (D:2)
  3 adders
  A worm (D:2)
  3 dart slugs
  5 orcs (D:2)
  6 ball pythons
  4 endoplasms
  4 giant cockroaches
  2 goblins
  9 hobgoblins
  A jackal (D:1)
  6 kobolds
  2 quokkas (D:1)
  5 bats
  2 frilled lizards
  5 rats
61 creatures vanquished.

Notes
Turn   | Place    | Note
-------+----------+-------------------------------------------
     0 | D:1      | BlueFish the Vampire Enchanter began the quest for the Orb.
     0 | D:1      | Reached XP level 1. HP: 13/13 MP: 3/3
   135 | D:1      | Reached XP level 2. HP: 19/19 MP: 5/5
   139 | D:1      | Learned a level 2 spell: Ensorcelled Hibernation
   238 | D:1      | Found a faded altar of an unknown god.
   345 | D:1      | Gained mutation: You are afflicted with vampirism and can
                  | become a bat while bloodless. [Vampire growth]
   345 | D:1      | Reached XP level 3. HP: 22/25 MP: 6/6
   349 | D:1      | Learned a level 3 spell: Confusing Touch
   880 | D:2      | Noticed Jessica
   888 | D:2      | Killed Jessica
   954 | D:2      | Reached skill level 1 in Armour
   954 | D:2      | Reached skill level 5 in Stealth
   954 | D:2      | Reached XP level 4. HP: 31/31 MP: 7/7
  1139 | D:2      | Found the +1 Delatra's gloves {ID++}
  1147 | D:2      | Reached skill level 1 in Fighting
  1289 | D:2      | Reached skill level 1 in Shields
  1543 | D:2      | Found a runed translucent door.
  1544 | D:2      | Noticed Crazy Yiuf
  1876 | D:2      | Killed Crazy Yiuf
  1877 | D:2      | Reached skill level 5 in Hexes
  1877 | D:2      | Reached XP level 5. HP: 10/37 MP: 5/8
  1977 | D:3      | Noticed Grinder
  2196 | D:3      | Slain by Grinder

Illustrated notes

Levels and vault maps discovered:
D:1:      giann_forest_graveyard, layout_basic, ebering_ecumenical_altar_mist,
          minivault_19, minmay_cupped
D:2:      layout_basic, grunt_ministairs_1, pf_guarded_unrand_delatra,
          uniq_crazy_yiuf_cottage, uniq_jessica
D:3:      layout_loops_ring, uniq_grinder

Skill      XL: |  1  2  3  4 |
---------------+-------------+-----
Armour         | 1 |  1.2
Stealth        | 5 |  5.2
Fighting       | 1 |  1.2
Short Blades   | 2 |  2.2
Shields        | 1 |  1.1
Dodging        | 3 |  3.0
Hexes          | 5 |  5.1
Throwing       | |  0.3
Spellcasting   | |  2.5
Evocations     | |  0.4

Action                     |  1- 3 |  4- 6 || total
---------------------------+-------+-------++-------
  Melee: Dagger            |    33 |    16 ||    49
         Short sword       |    67 |    79 ||   146
         Bite              |    11 |     7 ||    18
         Rapier            |       |    10 ||    10
   Cast: Ensorcelled Hiber |     2 |     5 ||     7
         Confusing Touch   |       |     1 ||     1
    Use: Potion            |       |     1 ||     1
   Stab: Sleeping          |     9 |    11 ||    20
 Armour: Robe              |    27 |    21 ||    48
  Dodge: Dodged            |    60 |    58 ||   118
  Block: Buckler           |    10 |    14 ||    24

Table legend: (Time is in decaauts)
 A = Elapsed time spent in this place.
 B = Non-inter-level travel time spent in this place.
 C = Inter-level travel time spent in this place.
 D = Time resting spent in this place.
 E = Time spent auto-exploring this place.
 F = Levels seen in this place.
 G = Mean time per level.
                   A        B        C        D        E       F      G
               +--------+--------+--------+--------+--------+-----+--------+
         Total |   2164 |   2097 |     67 |      5 |   1387 |   3 |  721.3 |
       Dungeon |   2164 |   2097 |     67 |      5 |   1387 |   3 |  721.3 |
               +--------+--------+--------+--------+--------+-----+--------+

Top non-repeatable levels by time:
     D:2: 1140 daAuts
     D:1: 832 daAuts
     D:3: 191 daAuts
